Barracuda vs Firebirds

Created - November 17, 2025 at 19:02

Goals
1 2 3 T
Barracuda 0 2 2 4
Firebirds 2 3 2 7
Shots
1 2 3 T
Barracuda 9 12 8 29
Firebirds 15 12 11 38

1st period

1. Firebirds , Rostislav Olesz 3 (Thomas Spelling 4, Victor Mete 2) at 7:24 (PP)
2. Firebirds , Rostislav Olesz 4 (Mac Hollowell 1) at 15:06

Penalties :
Nikolai Kovalenko (S.J) for Roughing (Minor) at 7:11, Thomas Spelling (Coa) for Tripping (Minor) at 16:55

2nd period

3. Firebirds , Matej Blumel 1 (Alex Henriksson 2, Connor Clifton 2) at 1:23
4. Firebirds , Rostislav Olesz 5 (Jacob De La Rose 5, Thomas Spelling 5) at 9:22
5. Barracuda , Emil Pettersson 3 (Jordan Gross 3, Robin Norell 3) at 16:18 (PP)
6. Firebirds , Reid Boucher 1 (Fredrik Olofsson 2, Jacob Bryson 2) at 17:44
7. Barracuda , Robin Norell 1 (Alexei Toropchenko 4) at 19:08 (PP)

Penalties :
Alex Henriksson (Coa) for Cross-checking (Minor) at 16:06, Rostislav Olesz (Coa) for Holding (Minor) at 18:34

3rd period

8. Firebirds , Thomas Spelling 5 (Victor Mete 3) at 0:49
9. Barracuda , Nikolai Kovalenko 8 (Dennis Cholowski 2, Alex Lintuniemi 3) at 7:01 (PP)
10. Firebirds , Fredrik Olofsson 4 (Jared McCann 3) at 9:23
11. Barracuda , Emil Pettersson 4 (Nikolai Kovalenko 5, Robin Norell 4) at 9:49

Penalties :
Eric Robinson (Coa) for Holding (Minor) at 1:04, Jakub Zboril (Coa) for High sticking (Minor) at 6:01, Nikolai Kovalenko (S.J) for High sticking (Minor) at 7:16, Rostislav Olesz (Coa) for Roughing (Minor) at 9:52

Goalie Stats

Kevin Mandolese (S.J), 15 saves from 19 shots - (0.789), 29:22 minutes
Filip Larsson (S.J), 16 saves from 19 shots - (0.842), L, 1-1-0, 30:38 minutes
Magnus Hellberg (Coa), 25 saves from 29 shots - (0.862), W, 1-0-0, 60:00 minutes

Players Stats for Barracuda

Player Name              G  A  P  +/- PIM S  H  SB GA TA FO     MP     PP MP  PK MP  
------------------------------------------------------------------------------------
Adam Beckman             0  0  0  -1  0   2  0  0  1  1  0/0    11:44   0:00   0:00 
Adam Edstrom             0  0  0   0  0   0  0  0  0  0  0/0     0:00   0:00   0:00 
Adam Raska               0  0  0   0  0   0  0  0  0  0  0/0     0:00   0:00   0:00 
Alex Jefferies           0  0  0  -2  0   0  0  0  0  1  0/0     8:45   0:00   0:26 
Alex Lintuniemi          0  1  1  -3  0   0  1  1  3  0  0/0    17:39   1:48   0:51 
Alexei Toropchenko       0  1  1  -1  0   1  3  0  0  0  0/0    16:06   2:13   0:00 
Angus Crookshank         0  0  0  -1  0   1  3  0  0  1  2/3    21:39   5:30   0:00 
Antonio Stranges         0  0  0  -1  0   0  0  0  0  1  0/0     0:38   0:00   0:30 
Beck Malenstyn           0  0  0  -1  0   0  2  2  0  0  0/0    16:06   2:13   0:00 
Bode Wilde               0  0  0   0  0   2  1  1  0  0  0/0    13:18   0:00   0:00 
Bogdan Trineyev          0  0  0   0  0   0  0  0  0  0  0/0     0:00   0:00   0:00 
Dennis Cholowski         0  1  1  -3  0   1  3  0  1  3  0/0    16:54   1:48   0:51 
Emil Pettersson          2  0  2  -1  0   5  1  0  1  3  18/42  22:54   5:30   1:15 
Jackson Kunz             0  0  0   0  0   0  0  0  0  0  0/0     0:00   0:00   0:00 
Jacob Peterson           0  0  0  -1  0   2  1  0  0  0  1/2     8:38   0:00   0:27 
Jordan Gross             0  1  1  -2  0   1  2  1  0  1  0/0    25:02   5:55   1:21 
Mason Langenbrunner      0  0  0   0  0   0  0  0  0  0  0/0     5:07   0:00   0:00 
Nikolai Kovalenko        1  1  2  -2  4   6  1  1  0  0  2/3    21:45   5:30   0:00 
Robin Norell             1  2  3  -2  0   3  3  2  2  1  0/0    28:49   5:55   1:21 
Ryan Merkley             0  0  0   0  0   1  0  1  0  0  0/0    13:11   0:00   0:00 
Ryder Rolston            0  0  0   0  0   0  0  0  0  0  0/0     0:00   0:00   0:00 
Sam Colangelo            0  0  0  -1  0   1  0  0  0  0  0/0     8:11   0:00   0:00 
Theodor Blueger          0  0  0  -1  0   0  1  0  0  0  0/2    12:11   0:00   0:27 
Trent Frederic           0  0  0  -1  0   3  0  1  1  0  5/11   17:25   2:13   1:19 
Yegor Sokolov            0  0  0  -1  0   0  2  0  0  1  0/0    11:44   0:00   0:00 

Players Stats for Firebirds

Player Name              G  A  P  +/- PIM S  H  SB GA TA FO     MP     PP MP  PK MP  
------------------------------------------------------------------------------------
                         0  0  0   0  0   0  0  0  0  0  0/0     0:00   0:00   0:00 
                         0  0  0   0  0   0  0  0  0  0  0/0     0:00   0:00   0:00 
                         0  0  0   0  0   0  0  0  0  0  0/0     0:00   0:00   0:00 
                         0  0  0   0  0   0  0  0  0  0  0/0     0:00   0:00   0:00 
                         0  0  0   0  0   0  0  0  0  0  0/0     0:00   0:00   0:00 
                         0  0  0   0  0   0  0  0  0  0  0/0     0:00   0:00   0:00 
                         0  0  0   0  0   0  0  0  0  0  0/0     0:00   0:00   0:00 
Alex Henriksson          0  1  1   2  2   2  0  0  0  0  1/1    11:40   0:19   1:47 
Connor Clifton           0  1  1   3  0   0  1  1  1  0  0/0    16:03   0:50   0:38 
Dylan Coghlan            0  0  0   0  0   3  2  3  1  1  0/0    25:47   0:50   4:55 
Eric Robinson            0  0  0   0  2   3  0  0  2  0  0/0    14:31   0:40   0:00 
Fredrik Olofsson         1  1  2   2  0   3  3  0  2  1  0/1    15:00   0:42   2:33 
Garret Pilon             0  0  0   1  0   1  1  0  0  0  2/3     9:04   0:00   0:00 
Jacob Bryson             0  1  1   3  0   1  0  0  2  0  0/0    14:35   0:00   0:00 
Jacob De La Rose         0  1  1   2  0   2  2  1  1  1  21/39  22:50   0:37   5:10 
Jakub Zboril             0  0  0   0  2   2  0  0  1  3  0/0    25:42   1:22   4:17 
Jared McCann             0  1  1   0  0   2  2  1  0  1  6/11   18:23   0:40   2:33 
Mac Hollowell            0  1  1   2  0   0  0  0  0  0  0/0    18:14   0:00   2:48 
Maksim Sushko            0  0  0   2  0   0  1  0  0  0  0/0    10:45   0:00   0:00 
Matej Blumel             1  0  1   1  0   4  0  0  0  0  1/1     8:07   0:00   0:00 
Reid Boucher             1  0  1   1  0   2  0  1  1  0  2/3     7:34   0:13   0:00 
Rostislav Olesz          3  0  3   2  4   5  3  0  1  1  1/1    21:13   1:13   3:23 
Thomas Spelling          1  2  3   2  2   5  3  1  1  0  1/3    18:39   1:20   0:00 
Victor Mete              0  2  2   2  0   0  0  1  0  0  0/0    19:38   1:22   2:48 
Wade Allison             0  0  0   0  0   3  3  0  0  1  0/0    14:26   0:52   0:00 

3 Stars

1 - Rostislav Olesz (Coa)
2 - Thomas Spelling (Coa)
3 - Fredrik Olofsson (Coa)

Power Play

Barracuda - 3 on 6 Attempt(s) - 50.00%
Firebirds - 1 on 2 Attempt(s) - 50.00%

Penalty Kill

Barracuda - 1 on 2 Attempt(s) - 50.00% - Score 0 goal in Penalty Kill
Firebirds - 3 on 6 Attempt(s) - 50.00% - Score 0 goal in Penalty Kill

Team Stat

Barracuda - Hits : 24 - Faceoff Wins : 28 - Blocked Shots : 10 - Penalty Minutes : 4
Firebirds - Hits : 21 - Faceoff Wins : 35 - Blocked Shots : 9 - Penalty Minutes : 12

Official

Referees : Chris Lee and Beaudry Halkidis
Linesman : Michel Cormier and Ryan Galloway

Game Notes

Rostislav Olesz has scored a Hat Trick!
Filip Larsson enters game at 9:22 of 2nd period
Reid Boucher is injured at 18:13 of 2nd period (Groin)

Finance

Level 1 -- Attendance: 1946 (97.30%) -- Ticket Income $136,220
Level 2 -- Attendance: 871 (87.10%) -- Ticket Income $34,840
Total Attendance: 2817 (93.90%)
Total Ticket Income: $171,060
Other Income: $8,553
Total Income: $179,613

Barracuda

5 vs 5 Forward 
   Center                   Left Wing                Right Wing               Time % Phy DF OF 
 1 Emil Pettersson          Angus Crookshank         Nikolai Kovalenko        40     1   2  2  
 2 Trent Frederic           Beck Malenstyn           Alexei Toropchenko       30     1   2  2  
 3 Theodor Blueger          Adam Beckman             Yegor Sokolov            20     1   2  2  
 4 Jacob Peterson           Alex Jefferies           Sam Colangelo            10     1   2  2  

5 vs 5 Defense 
   Defense                  Defense                                           Time % Phy DF OF 
 1 Robin Norell             Jordan Gross                                      40     1   2  2  
 2 Alex Lintuniemi          Dennis Cholowski                                  30     1   2  2  
 3 Bode Wilde               Ryan Merkley                                      20     1   2  2  
 4 Mason Langenbrunner      Robin Norell                                      10     1   2  2  

PowerPlay Forward 
   Center                   Left Wing                Right Wing               Time % Phy DF OF 
 1 Emil Pettersson          Angus Crookshank         Nikolai Kovalenko        60     1   2  2  
 2 Trent Frederic           Beck Malenstyn           Alexei Toropchenko       40     1   2  2  

PowerPlay Defense
   Defense                  Defense                                           Time % Phy DF OF 
 1 Robin Norell             Jordan Gross                                      60     1   2  2  
 2 Alex Lintuniemi          Dennis Cholowski                                  40     1   2  2  

Penalty Kill 4 Players Forward 
   Center                   Wing                     Time % Phy DF OF 
 1 Emil Pettersson          Trent Frederic           60     1   2  2  
 2 Theodor Blueger          Jacob Peterson           40     1   2  2  

Penalty Kill 4 Players Defense
   Defense                  Defense                  Time % Phy DF OF 
 1 Robin Norell             Jordan Gross             60     1   2  2  
 2 Alex Lintuniemi          Dennis Cholowski         40     1   2  2  

Penalty Kill - 3 Players Forward 
   Forward                                           Time % Phy DF OF 
 1 Emil Pettersson                                   60     1   2  2  
 2 Trent Frederic                                    40     1   2  2  

Penalty Kill - 3 Players Defense
   Defense                  Defense                  Time % Phy DF OF 
 1 Robin Norell             Jordan Gross             60     1   2  2  
 2 Alex Lintuniemi          Dennis Cholowski         40     1   2  2  

4 vs 4 Forward 
   Center                   Wing                     Time % Phy DF OF 
 1 Emil Pettersson          Trent Frederic           60     1   2  2  
 2 Theodor Blueger          Jacob Peterson           40     1   2  2  

4 vs 4 Defense
   Defense                  Defense                  Time % Phy DF OF 
 1 Robin Norell             Jordan Gross             60     1   2  2  
 2 Alex Lintuniemi          Dennis Cholowski         40     1   2  2  

Last Minutes Offensive
   Center                   Left Wing                Right Wing               Defense                  Defense                  
   Emil Pettersson          Angus Crookshank         Nikolai Kovalenko        Robin Norell             Jordan Gross             

Last Minutes Defensive
   Center                   Left Wing                Right Wing               Defense                  Defense                  
   Emil Pettersson          Angus Crookshank         Nikolai Kovalenko        Robin Norell             Jordan Gross             

Goaltenders
Starting : Kevin Mandolese          
Backup : Filip Larsson            

Extra Forwards
Normal : Adam Edstrom, Jackson Kunz, Antonio Stranges - PP : Adam Edstrom, Jackson Kunz - PK : Antonio Stranges
Extra Defensemen
Normal : Bode Wilde, Ryan Merkley, Mason Langenbrunner - PP : Bode Wilde - PK : Ryan Merkley, Mason Langenbrunner
Penalty Shots
Emil Pettersson, Trent Frederic, Theodor Blueger, Jacob Peterson, Nikolai Kovalenko
Custom OT Lines Forwards
Emil Pettersson, Trent Frederic, Theodor Blueger, Jacob Peterson, Nikolai Kovalenko, Alexei Toropchenko, Angus Crookshank, Beck Malenstyn, Adam Edstrom, Adam Beckman
Custom OT Lines Defensemen
Robin Norell, Jordan Gross, Alex Lintuniemi, Dennis Cholowski, Bode Wilde

Scratches
Kyle Platzer (Healthy), Luke Martin (Sprained Left Finger Injury), Henrik Tikkanen (Healthy), Aidan Campbell (Healthy)

Firebirds

5 vs 5 Forward 
   Center                   Left Wing                Right Wing               Time % Phy DF OF 
 1 Jacob De La Rose         Rostislav Olesz          Thomas Spelling          40     0   2  3  
 2 Jared McCann             Eric Robinson            Wade Allison             30     0   2  3  
 3 Reid Boucher             Fredrik Olofsson         Maksim Sushko            20     0   2  3  
 4 Garret Pilon             Alex Henriksson          Matej Blumel             10     0   2  3  

5 vs 5 Defense 
   Defense                  Defense                                           Time % Phy DF OF 
 1 Jakub Zboril             Dylan Coghlan                                     40     1   2  2  
 2 Victor Mete              Mac Hollowell                                     30     1   2  2  
 3 Jacob Bryson             Connor Clifton                                    20     1   2  2  
 4 Jacob Bryson             Connor Clifton                                    10     1   2  2  

PowerPlay Forward 
   Center                   Left Wing                Right Wing               Time % Phy DF OF 
 1 Reid Boucher             Rostislav Olesz          Thomas Spelling          55     0   1  4  
 2 Jared McCann             Eric Robinson            Wade Allison             45     0   1  4  

PowerPlay Defense
   Defense                  Defense                                           Time % Phy DF OF 
 1 Jakub Zboril             Victor Mete                                       55     0   1  4  
 2 Dylan Coghlan            Connor Clifton                                    45     0   1  4  

Penalty Kill 4 Players Forward 
   Center                   Wing                     Time % Phy DF OF 
 1 Jacob De La Rose         Rostislav Olesz          55     1   4  0  
 2 Jared McCann             Fredrik Olofsson         45     1   4  0  

Penalty Kill 4 Players Defense
   Defense                  Defense                  Time % Phy DF OF 
 1 Jakub Zboril             Dylan Coghlan            55     1   4  0  
 2 Victor Mete              Mac Hollowell            45     1   4  0  

Penalty Kill - 3 Players Forward 
   Forward                                           Time % Phy DF OF 
 1 Reid Boucher                                      55     1   4  0  
 2 Garret Pilon                                      45     1   4  0  

Penalty Kill - 3 Players Defense
   Defense                  Defense                  Time % Phy DF OF 
 1 Victor Mete              Mac Hollowell            55     1   4  0  
 2 Jacob Bryson             Connor Clifton           45     1   4  0  

4 vs 4 Forward 
   Center                   Wing                     Time % Phy DF OF 
 1 Jacob De La Rose         Wade Allison             55     1   2  2  
 2 Rostislav Olesz          Alex Henriksson          45     1   2  2  

4 vs 4 Defense
   Defense                  Defense                  Time % Phy DF OF 
 1 Jakub Zboril             Dylan Coghlan            55     1   2  2  
 2 Victor Mete              Mac Hollowell            45     1   2  2  

Last Minutes Offensive
   Center                   Left Wing                Right Wing               Defense                  Defense                  
   Jared McCann             Rostislav Olesz          Wade Allison             Jakub Zboril             Dylan Coghlan            

Last Minutes Defensive
   Center                   Left Wing                Right Wing               Defense                  Defense                  
   Jacob De La Rose         Fredrik Olofsson         Thomas Spelling          Dylan Coghlan            Mac Hollowell            

Goaltenders
Starting : Magnus Hellberg          
Backup : Cayden Primeau           

Extra Forwards
Normal : Reid Boucher, Fredrik Olofsson, Alex Henriksson - PP : Reid Boucher, Fredrik Olofsson - PK : Alex Henriksson
Extra Defensemen
Normal : Jacob Bryson, Connor Clifton, Victor Mete - PP : Jacob Bryson - PK : Connor Clifton, Victor Mete
Penalty Shots
Jacob De La Rose, Jared McCann, Rostislav Olesz, Eric Robinson, Thomas Spelling
Custom OT Lines Forwards
Jacob De La Rose, Jared McCann, Rostislav Olesz, Eric Robinson, Thomas Spelling, Reid Boucher, Fredrik Olofsson, Alex Henriksson, Garret Pilon, Wade Allison
Custom OT Lines Defensemen
Jakub Zboril, Dylan Coghlan, Victor Mete, Mac Hollowell, Jacob Bryson

Scratches
Jasper Weatherby (Healthy), Alexander Holtz (Healthy), Sasha Chmelevski (Healthy), Emil Andrae (Healthy), Helge Grans (Healthy)
Thomas Bordeleau (Healthy), Jacob Middleton (Healthy), Kyle Capobianco (Healthy), Matthew Kiersted (Healthy), Kristians Rubins (Healthy)
Jonah Gadjovich (Healthy), Parker Kelly (Healthy), Artur Kayumov (Healthy), Stelio Mattheos (Healthy), Nikita Alexandrov (Healthy)
Valentin Nussbaumer (Healthy), Maxence Guenette (Healthy), Bobby Brink (Healthy), Jakub Skarek (Healthy)

% Time on Ice - Barracuda

Lines # - Real PCT - Wanted PCT - Time Play
Normal Forward
1 - 33% - 40% - 16:17
2 - 28% - 30% - 13:53
3 - 23% - 20% - 11:44
4 - 16% - 10% - 8:11
Normal Defense
1 - 35% - 40% - 17:46
2 - 28% - 30% - 14:15
3 - 26% - 20% - 13:11
4 - 10% - 10% - 4:53
PP Forward
1 - 71% - 60% - 5:30
2 - 29% - 40% - 2:13
PP Defense
1 - 77% - 60% - 5:55
2 - 23% - 40% - 1:48
PK Forward
1 - 80% - 60% - 1:45
2 - 20% - 40% - 0:27
PK Defense
1 - 61% - 60% - 1:21
2 - 39% - 40% - 0:51
PK3 Forward
1 - 0% - 60%
2 - 0% - 40%
PK3 Defense
1 - 0% - 60%
2 - 0% - 40%
44 Forward
1 - 0% - 60%
2 - 0% - 40%
44 Defense
1 - 0% - 60%
2 - 0% - 40%
Last Minute Offensive  - 0:00
Last Minute Defensive  - 0:00
Total
Forward - 60:00
Defense - 60:00

% Time on Ice - Firebirds

Lines # - Real PCT - Wanted PCT - Time Play
Normal Forward
1 - 33% - 40% - 16:39
2 - 29% - 30% - 14:34
3 - 21% - 20% - 10:45
4 - 16% - 10% - 8:07
Normal Defense
1 - 40% - 40% - 20:04
2 - 31% - 30% - 15:26
3 - 21% - 20% - 10:24
4 - 8% - 10% - 4:11
PP Forward
1 - 70% - 55% - 1:32
2 - 30% - 45% - 0:40
PP Defense
1 - 62% - 55% - 1:22
2 - 38% - 45% - 0:50
PK Forward
1 - 67% - 55% - 5:10
2 - 33% - 45% - 2:33
PK Defense
1 - 64% - 55% - 4:55
2 - 36% - 45% - 2:48
PK3 Forward
1 - 0% - 55%
2 - 0% - 45%
PK3 Defense
1 - 0% - 55%
2 - 0% - 45%
44 Forward
1 - 0% - 55%
2 - 0% - 45%
44 Defense
1 - 0% - 55%
2 - 0% - 45%
Last Minute Offensive  - 0:00
Last Minute Defensive  - 0:00
Total
Forward - 60:00
Defense - 60:00

Play-by-Play

1st period


0:01 of 1st period - Emil Pettersson wins face-off versus Jacob De La Rose in neutral zone.
0:08 of 1st period - Wrist shot by Nikolai Kovalenko.
0:08 of 1st period - Stopped by Magnus Hellberg without a rebound.
0:09 of 1st period - Emil Pettersson wins face-off versus Jacob De La Rose in Firebirds zone.
0:28 of 1st period - Emil Pettersson is hit by Dylan Coghlan and loses puck.
0:43 of 1st period - Thomas Spelling is hit by Jordan Gross and loses puck.
1:00 of 1st period - Snap shot by Thomas Spelling.
1:00 of 1st period - Stopped by Kevin Mandolese without a rebound.
1:01 of 1st period - Jared McCann wins face-off versus Trent Frederic in Barracuda zone.
1:10 of 1st period - Slapshot by Wade Allison.
1:10 of 1st period - Shot Blocked by Trent Frederic.
1:26 of 1st period - Theodor Blueger is hit by Fredrik Olofsson and loses puck.
1:45 of 1st period - Bode Wilde is hit by Garret Pilon and loses puck.
1:56 of 1st period - Slapshot by Garret Pilon.
1:56 of 1st period - Stopped by Kevin Mandolese with a rebound.
2:06 of 1st period - Wrist shot by Jacob Peterson.
2:06 of 1st period - Shot Misses the Net.
2:08 of 1st period - Slapshot by Bode Wilde.
2:08 of 1st period - Stopped by Magnus Hellberg with a rebound.
2:16 of 1st period - Wrist shot by Alexei Toropchenko.
2:16 of 1st period - Shot Misses the Net.
2:30 of 1st period - Slapshot by Theodor Blueger.
2:30 of 1st period - Shot Misses the Net.
2:44 of 1st period - Slapshot by Thomas Spelling.
2:44 of 1st period - Shot Misses the Net.
3:12 of 1st period - Jakub Zboril is hit by Robin Norell and loses puck.
4:20 of 1st period - Dennis Cholowski is hit by Rostislav Olesz and loses puck.
4:33 of 1st period - Snap shot by Matej Blumel.
4:33 of 1st period - Stopped by Kevin Mandolese with a rebound.
4:49 of 1st period - Trent Frederic is hit by Wade Allison and loses puck.
4:58 of 1st period - Snap shot by Eric Robinson.
4:58 of 1st period - Stopped by Kevin Mandolese with a rebound.
5:10 of 1st period - Jakub Zboril is hit by Bode Wilde and loses puck.
5:38 of 1st period - Jordan Gross is hit by Thomas Spelling and loses puck.
5:45 of 1st period - Snap shot by Thomas Spelling.
5:45 of 1st period - Stopped by Kevin Mandolese with a rebound.
6:04 of 1st period - Wrist shot by Eric Robinson.
6:04 of 1st period - Shot Misses the Net.
6:06 of 1st period - Slapshot by Jakub Zboril.
6:06 of 1st period - Stopped by Kevin Mandolese with a rebound.
6:20 of 1st period - Alex Henriksson is hit by Beck Malenstyn and loses puck.
6:29 of 1st period - Wrist shot by Trent Frederic.
6:29 of 1st period - Shot Misses the Net.
6:41 of 1st period - Reid Boucher is hit by Alex Lintuniemi and loses puck.
6:50 of 1st period - Snap shot by Jacob Peterson.
6:50 of 1st period - Stopped by Magnus Hellberg without a rebound.
6:51 of 1st period - Emil Pettersson wins face-off versus Jacob De La Rose in Firebirds zone.
6:52 of 1st period - Snap shot by Nikolai Kovalenko.
6:52 of 1st period - Stopped by Magnus Hellberg without a rebound.
6:53 of 1st period - Thomas Spelling wins face-off versus Emil Pettersson in Firebirds zone.
6:58 of 1st period - Slapshot by Jakub Zboril.
6:58 of 1st period - Stopped by Kevin Mandolese with a rebound.
7:00 of 1st period - Snap shot by Jakub Zboril.
7:00 of 1st period - Deflect By Thomas Spelling.
7:00 of 1st period - Shot Misses the Net.
7:00 of 1st period - Puck is out of play.
7:01 of 1st period - Emil Pettersson wins face-off versus Jacob De La Rose in Barracuda zone.
7:11 of 1st period - Minor Penalty to Nikolai Kovalenko for Roughing.
7:12 of 1st period - Reid Boucher wins face-off versus Emil Pettersson in Barracuda zone.
7:24 of 1st period - Wrist shot by Rostislav Olesz.
7:24 of 1st period - Goal by Rostislav Olesz - Barracuda : 0 - Firebirds : 1.
7:25 of 1st period - Jared McCann wins face-off versus Trent Frederic in neutral zone.
7:41 of 1st period - Slapshot by Alexei Toropchenko.
7:41 of 1st period - Stopped by Magnus Hellberg with a rebound.
7:51 of 1st period - Robin Norell is hit by Rostislav Olesz and loses puck.
8:36 of 1st period - Wrist shot by Trent Frederic.
8:36 of 1st period - Stopped by Magnus Hellberg without a rebound.
8:37 of 1st period - Garret Pilon wins face-off versus Trent Frederic in Firebirds zone.
10:00 of 1st period - Snap shot by Fredrik Olofsson.
10:00 of 1st period - Shot Misses the Net.
10:31 of 1st period - Icing by Jakub Zboril.
10:32 of 1st period - Angus Crookshank wins face-off versus Jacob De La Rose in Firebirds zone.
10:33 of 1st period - Wrist shot by Emil Pettersson.
10:33 of 1st period - Shot Blocked by Dylan Coghlan.
10:49 of 1st period - Snap shot by Jacob De La Rose.
10:49 of 1st period - Shot Misses the Net.
10:51 of 1st period - Snap shot by Jacob De La Rose.
10:51 of 1st period - Shot Misses the Net.
10:53 of 1st period - Snap shot by Rostislav Olesz.
10:53 of 1st period - Shot Misses the Net.
10:55 of 1st period - Slapshot by Jakub Zboril.
10:55 of 1st period - Shot Misses the Net.
10:57 of 1st period - Backhand shot by Jakub Zboril.
10:57 of 1st period - Deflect By Thomas Spelling.
10:57 of 1st period - Stopped by Kevin Mandolese with a rebound.
10:59 of 1st period - Snap shot by Dylan Coghlan.
10:59 of 1st period - Stopped by Kevin Mandolese with a rebound.
11:01 of 1st period - Slapshot by Jakub Zboril.
11:01 of 1st period - Shot Misses the Net.
11:30 of 1st period - Slapshot by Rostislav Olesz.
11:30 of 1st period - Stopped by Kevin Mandolese with a rebound.
11:40 of 1st period - Snap shot by Thomas Spelling.
11:40 of 1st period - Stopped by Kevin Mandolese without a rebound.
11:41 of 1st period - Trent Frederic wins face-off versus Jared McCann in Barracuda zone.
11:52 of 1st period - Snap shot by Jared McCann.
11:52 of 1st period - Shot Blocked by Alex Lintuniemi.
11:54 of 1st period - Wrist shot by Jared McCann.
11:54 of 1st period - Shot Misses the Net.
12:08 of 1st period - Victor Mete is hit by Yegor Sokolov and loses puck.
12:36 of 1st period - Backhand shot by Matej Blumel.
12:36 of 1st period - Stopped by Kevin Mandolese with a rebound.
12:38 of 1st period - Slapshot by Connor Clifton.
12:38 of 1st period - Deflect By Alex Henriksson.
12:38 of 1st period - Stopped by Kevin Mandolese with a rebound.
12:40 of 1st period - Slapshot by Victor Mete.
12:40 of 1st period - Shot Blocked by Bode Wilde.
12:52 of 1st period - Ryan Merkley is hit by Jared McCann and loses puck.
13:47 of 1st period - Snap shot by Eric Robinson.
13:47 of 1st period - Shot Misses the Net.
13:49 of 1st period - Snap shot by Victor Mete.
13:49 of 1st period - Shot Blocked by Ryan Merkley.
13:59 of 1st period - Theodor Blueger is hit by Rostislav Olesz and loses puck.
14:10 of 1st period - Wrist shot by Theodor Blueger.
14:10 of 1st period - Shot Misses the Net.
14:12 of 1st period - Slapshot by Bode Wilde.
14:12 of 1st period - Stopped by Magnus Hellberg with a rebound.
14:14 of 1st period - Snap shot by Jacob Peterson.
14:14 of 1st period - Stopped by Magnus Hellberg with a rebound.
15:01 of 1st period - Emil Pettersson is hit by Jacob De La Rose and loses puck.
15:06 of 1st period - Wrist shot by Rostislav Olesz.
15:06 of 1st period - Goal by Rostislav Olesz - Barracuda : 0 - Firebirds : 2.
15:07 of 1st period - Emil Pettersson wins face-off versus Jared McCann in neutral zone.
16:31 of 1st period - Theodor Blueger is hit by Wade Allison and loses puck.
16:52 of 1st period - Wrist shot by Adam Beckman.
16:52 of 1st period - Stopped by Magnus Hellberg without a rebound.
16:53 of 1st period - Jacob De La Rose wins face-off versus Emil Pettersson in Firebirds zone.
16:55 of 1st period - Minor Penalty to Thomas Spelling for Tripping.
16:56 of 1st period - Jacob De La Rose wins face-off versus Emil Pettersson in Firebirds zone.
17:21 of 1st period - Jacob De La Rose is hit by Emil Pettersson and loses puck.
17:36 of 1st period - Snap shot by Jared McCann.
17:36 of 1st period - Deflect By Fredrik Olofsson.
17:36 of 1st period - Shot Misses the Net.
17:36 of 1st period - Puck is out of play.
17:37 of 1st period - Jared McCann wins face-off versus Trent Frederic in Barracuda zone.
18:55 of 1st period - Penalty to Thomas Spelling is over, Thomas Spelling is back on ice.
Goals for this period are 0 for Barracuda vs 2 for Firebirds.
Shots for this period are 9 for Barracuda vs 15 for Firebirds.

2nd period


0:01 of 2nd period - Emil Pettersson wins face-off versus Thomas Spelling in neutral zone.
0:05 of 2nd period - Off-side.
0:06 of 2nd period - Jacob De La Rose wins face-off versus Emil Pettersson in neutral zone.
0:36 of 2nd period - Slapshot by Trent Frederic.
0:36 of 2nd period - Shot Misses the Net.
0:38 of 2nd period - Wrist shot by Robin Norell.
0:38 of 2nd period - Stopped by Magnus Hellberg with a rebound.
0:40 of 2nd period - Slapshot by Trent Frederic.
0:40 of 2nd period - Shot Misses the Net.
0:56 of 2nd period - Snap shot by Theodor Blueger.
0:56 of 2nd period - Shot Blocked by Reid Boucher.
1:14 of 2nd period - Connor Clifton is hit by Dennis Cholowski and loses puck.
1:23 of 2nd period - Slapshot by Matej Blumel.
1:23 of 2nd period - Goal by Matej Blumel - Barracuda : 0 - Firebirds : 3.
1:24 of 2nd period - Jacob De La Rose wins face-off versus Nikolai Kovalenko in neutral zone.
1:39 of 2nd period - Slapshot by Robin Norell.
1:39 of 2nd period - Shot Blocked by Thomas Spelling.
2:00 of 2nd period - Snap shot by Eric Robinson.
2:00 of 2nd period - Deflect By Wade Allison.
2:00 of 2nd period - Shot Misses the Net.
2:00 of 2nd period - Puck is out of play.
2:01 of 2nd period - Emil Pettersson wins face-off versus Jacob De La Rose in Barracuda zone.
2:01 of 2nd period - Emil Pettersson is hit by Jacob De La Rose.
3:21 of 2nd period - Wrist shot by Nikolai Kovalenko.
3:21 of 2nd period - Shot Blocked by Connor Clifton.
4:27 of 2nd period - Snap shot by Jacob Peterson.
4:27 of 2nd period - Deflect By Sam Colangelo.
4:27 of 2nd period - Stopped by Magnus Hellberg without a rebound.
4:28 of 2nd period - Matej Blumel wins face-off versus Emil Pettersson in Firebirds zone.
4:39 of 2nd period - Wrist shot by Nikolai Kovalenko.
4:39 of 2nd period - Deflect By Jakub Zboril.
4:39 of 2nd period - Stopped by Magnus Hellberg without a rebound.
4:40 of 2nd period - Jacob De La Rose wins face-off versus Emil Pettersson in Firebirds zone.
4:40 of 2nd period - Jacob De La Rose is hit by Angus Crookshank.
4:46 of 2nd period - Emil Pettersson is hit by Thomas Spelling.
5:15 of 2nd period - Slapshot by Beck Malenstyn.
5:15 of 2nd period - Deflect By Alexei Toropchenko.
5:15 of 2nd period - Shot Blocked by Dylan Coghlan.
5:15 of 2nd period - Puck is out of play.
5:16 of 2nd period - Trent Frederic wins face-off versus Reid Boucher in Firebirds zone.
7:35 of 2nd period - Wrist shot by Wade Allison.
7:35 of 2nd period - Stopped by Kevin Mandolese with a rebound.
7:41 of 2nd period - Trent Frederic is hit by Jared McCann and loses puck.
8:05 of 2nd period - Eric Robinson is hit by Beck Malenstyn and loses puck.
8:30 of 2nd period - Wrist shot by Beck Malenstyn.
8:30 of 2nd period - Shot Blocked by Victor Mete.
8:53 of 2nd period - Snap shot by Trent Frederic.
8:53 of 2nd period - Stopped by Magnus Hellberg with a rebound.
8:55 of 2nd period - Snap shot by Beck Malenstyn.
8:55 of 2nd period - Shot Misses the Net.
8:57 of 2nd period - Wrist shot by Trent Frederic.
8:57 of 2nd period - Stopped by Magnus Hellberg without a rebound.
8:58 of 2nd period - Jacob De La Rose wins face-off versus Emil Pettersson in Firebirds zone.
8:58 of 2nd period - Jacob De La Rose is hit by Jordan Gross.
9:03 of 2nd period - Dylan Coghlan is hit by Robin Norell and loses puck.
9:08 of 2nd period - Snap shot by Thomas Spelling.
9:08 of 2nd period - Shot Misses the Net.
9:10 of 2nd period - Slapshot by Dylan Coghlan.
9:10 of 2nd period - Stopped by Kevin Mandolese without a rebound.
9:11 of 2nd period - Jacob De La Rose wins face-off versus Emil Pettersson in Barracuda zone.
9:22 of 2nd period - Slapshot by Rostislav Olesz.
9:22 of 2nd period - Goal by Rostislav Olesz - Barracuda : 0 - Firebirds : 4.
9:22 of 2nd period - Filip Larsson enters game.
9:23 of 2nd period - Jacob De La Rose wins face-off versus Emil Pettersson in neutral zone.
9:30 of 2nd period - Wrist shot by Rostislav Olesz.
9:30 of 2nd period - Shot Blocked by Nikolai Kovalenko.
9:32 of 2nd period - Slapshot by Jakub Zboril.
9:32 of 2nd period - Shot Blocked by Robin Norell.
9:34 of 2nd period - Slapshot by Jacob De La Rose.
9:34 of 2nd period - Stopped by Filip Larsson without a rebound.
9:35 of 2nd period - Rostislav Olesz wins face-off versus Emil Pettersson in Barracuda zone.
10:01 of 2nd period - Theodor Blueger is hit by Fredrik Olofsson and loses puck.
10:26 of 2nd period - Slapshot by Matej Blumel.
10:26 of 2nd period - Stopped by Filip Larsson with a rebound.
10:28 of 2nd period - Snap shot by Alex Henriksson.
10:28 of 2nd period - Stopped by Filip Larsson with a rebound.
10:58 of 2nd period - Alex Lintuniemi is hit by Fredrik Olofsson and loses puck.
11:07 of 2nd period - Reid Boucher is hit by Dennis Cholowski and loses puck.
11:22 of 2nd period - Wrist shot by Theodor Blueger.
11:22 of 2nd period - Shot Misses the Net.
12:34 of 2nd period - Icing by Maksim Sushko.
12:35 of 2nd period - Reid Boucher wins face-off versus Jacob Peterson in Firebirds zone.
13:27 of 2nd period - Icing by Bode Wilde.
13:28 of 2nd period - Trent Frederic wins face-off versus Jared McCann in Barracuda zone.
13:33 of 2nd period - Snap shot by Jared McCann.
13:33 of 2nd period - Shot Misses the Net.
13:41 of 2nd period - Backhand shot by Jared McCann.
13:41 of 2nd period - Shot Blocked by Beck Malenstyn.
13:43 of 2nd period - Slapshot by Jacob Bryson.
13:43 of 2nd period - Deflect By Alexei Toropchenko.
13:43 of 2nd period - Stopped by Filip Larsson with a rebound.
13:45 of 2nd period - Backhand shot by Connor Clifton.
13:45 of 2nd period - Deflect By Wade Allison.
13:45 of 2nd period - Stopped by Filip Larsson without a rebound.
13:46 of 2nd period - Jacob De La Rose wins face-off versus Emil Pettersson in Barracuda zone.
13:50 of 2nd period - Wrist shot by Rostislav Olesz.
13:50 of 2nd period - Shot Misses the Net.
13:52 of 2nd period - Slapshot by Jacob Bryson.
13:52 of 2nd period - Deflect By Thomas Spelling.
13:52 of 2nd period - Shot Misses the Net.
13:52 of 2nd period - Puck is out of play.
13:53 of 2nd period - Emil Pettersson wins face-off versus Jacob De La Rose in Barracuda zone.
13:53 of 2nd period - Emil Pettersson is hit by Connor Clifton.
13:56 of 2nd period - Icing by Robin Norell.
13:57 of 2nd period - Emil Pettersson wins face-off versus Jacob De La Rose in Barracuda zone.
14:04 of 2nd period - Snap shot by Rostislav Olesz.
14:04 of 2nd period - Shot Blocked by Robin Norell.
14:06 of 2nd period - Slapshot by Dylan Coghlan.
14:06 of 2nd period - Stopped by Filip Larsson with a rebound.
14:08 of 2nd period - Slapshot by Jakub Zboril.
14:08 of 2nd period - Shot Misses the Net.
14:32 of 2nd period - Wrist shot by Emil Pettersson.
14:32 of 2nd period - Stopped by Magnus Hellberg without a rebound.
14:33 of 2nd period - Trent Frederic wins face-off versus Jacob De La Rose in Firebirds zone.
15:42 of 2nd period - Slapshot by Ryan Merkley.
15:42 of 2nd period - Deflect By Alex Henriksson.
15:42 of 2nd period - Stopped by Magnus Hellberg with a rebound.
15:44 of 2nd period - Wrist shot by Emil Pettersson.
15:44 of 2nd period - Deflect By Nikolai Kovalenko.
15:44 of 2nd period - Stopped by Magnus Hellberg without a rebound.
15:45 of 2nd period - Garret Pilon wins face-off versus Emil Pettersson in Firebirds zone.
16:06 of 2nd period - Minor Penalty to Alex Henriksson for Cross-checking.
16:07 of 2nd period - Jacob De La Rose wins face-off versus Emil Pettersson in Firebirds zone.
16:18 of 2nd period - Wrist shot by Emil Pettersson.
16:18 of 2nd period - Goal by Emil Pettersson - Barracuda : 1 - Firebirds : 4.
16:19 of 2nd period - Jacob De La Rose wins face-off versus Emil Pettersson in neutral zone.
16:57 of 2nd period - Wrist shot by Reid Boucher.
16:57 of 2nd period - Stopped by Filip Larsson without a rebound.
16:58 of 2nd period - Nikolai Kovalenko wins face-off versus Jacob De La Rose in Barracuda zone.
17:23 of 2nd period - Jared McCann is hit by Alexei Toropchenko and loses puck.
17:44 of 2nd period - Snap shot by Reid Boucher.
17:44 of 2nd period - Goal by Reid Boucher - Barracuda : 1 - Firebirds : 5.
17:45 of 2nd period - Jacob De La Rose wins face-off versus Emil Pettersson in neutral zone.
18:12 of 2nd period - Reid Boucher is hit by Alexei Toropchenko and loses puck.
18:13 of 2nd period - Reid Boucher from Firebirds is injured at 18:13 of 2nd period (Groin).
18:14 of 2nd period - Emil Pettersson wins face-off versus Jacob De La Rose in Firebirds zone.
18:15 of 2nd period - Slapshot by Nikolai Kovalenko.
18:15 of 2nd period - Shot Misses the Net.
18:17 of 2nd period - Snap shot by Nikolai Kovalenko.
18:17 of 2nd period - Shot Blocked by Jacob De La Rose.
18:19 of 2nd period - Slapshot by Nikolai Kovalenko.
18:19 of 2nd period - Shot Misses the Net.
18:21 of 2nd period - Snap shot by Nikolai Kovalenko.
18:21 of 2nd period - Shot Misses the Net.
18:23 of 2nd period - Snap shot by Nikolai Kovalenko.
18:23 of 2nd period - Stopped by Magnus Hellberg without a rebound.
18:24 of 2nd period - Emil Pettersson wins face-off versus Jacob De La Rose in Firebirds zone.
18:34 of 2nd period - Minor Penalty to Rostislav Olesz for Holding.
18:35 of 2nd period - Jacob De La Rose wins face-off versus Angus Crookshank in Firebirds zone.
18:49 of 2nd period - Snap shot by Angus Crookshank.
18:49 of 2nd period - Stopped by Magnus Hellberg with a rebound.
19:08 of 2nd period - Slapshot by Robin Norell.
19:08 of 2nd period - Goal by Robin Norell - Barracuda : 2 - Firebirds : 5.
19:09 of 2nd period - Jacob De La Rose wins face-off versus Emil Pettersson in neutral zone.
19:24 of 2nd period - Snap shot by Nikolai Kovalenko.
19:24 of 2nd period - Shot Misses the Net.
19:41 of 2nd period - Off-side.
19:42 of 2nd period - Emil Pettersson wins face-off versus Jacob De La Rose in neutral zone.
Goals for this period are 2 for Barracuda vs 3 for Firebirds.
Shots for this period are 12 for Barracuda vs 12 for Firebirds.

3rd period


0:01 of 3rd period - Jacob De La Rose wins face-off versus Emil Pettersson in neutral zone.
0:06 of 3rd period - Robin Norell is hit by Dylan Coghlan.
0:10 of 3rd period - Wrist shot by Jacob De La Rose.
0:10 of 3rd period - Shot Misses the Net.
0:26 of 3rd period - Dylan Coghlan is hit by Robin Norell and loses puck.
0:49 of 3rd period - Snap shot by Thomas Spelling.
0:49 of 3rd period - Goal by Thomas Spelling - Barracuda : 2 - Firebirds : 6.
0:50 of 3rd period - Emil Pettersson wins face-off versus Jared McCann in neutral zone.
1:04 of 3rd period - Minor Penalty to Eric Robinson for Holding.
1:05 of 3rd period - Jacob De La Rose wins face-off versus Emil Pettersson in Firebirds zone.
1:50 of 3rd period - Wrist shot by Nikolai Kovalenko.
1:50 of 3rd period - Shot Misses the Net.
2:10 of 3rd period - Snap shot by Emil Pettersson.
2:10 of 3rd period - Deflect By Nikolai Kovalenko.
2:10 of 3rd period - Shot Misses the Net.
2:10 of 3rd period - Puck is out of play.
2:11 of 3rd period - Jared McCann wins face-off versus Trent Frederic in Firebirds zone.
2:17 of 3rd period - Icing by Alexei Toropchenko.
2:18 of 3rd period - Jared McCann wins face-off versus Trent Frederic in Barracuda zone.
2:19 of 3rd period - Snap shot by Fredrik Olofsson.
2:19 of 3rd period - Deflect By Jared McCann.
2:19 of 3rd period - Stopped by Filip Larsson with a rebound.
3:04 of 3rd period - Penalty to Eric Robinson is over, Eric Robinson is back on ice.
3:32 of 3rd period - Snap shot by Wade Allison.
3:32 of 3rd period - Stopped by Filip Larsson with a rebound.
3:34 of 3rd period - Snap shot by Eric Robinson.
3:34 of 3rd period - Stopped by Filip Larsson with a rebound.
5:00 of 3rd period - Jordan Gross is hit by Thomas Spelling and loses puck.
5:13 of 3rd period - Maksim Sushko is hit by Angus Crookshank.
5:29 of 3rd period - Slapshot by Adam Beckman.
5:29 of 3rd period - Stopped by Magnus Hellberg without a rebound.
5:30 of 3rd period - Jared McCann wins face-off versus Theodor Blueger in Firebirds zone.
5:47 of 3rd period - Adam Beckman is hit by Wade Allison and loses puck.
6:01 of 3rd period - Minor Penalty to Jakub Zboril for High sticking.
6:02 of 3rd period - Angus Crookshank wins face-off versus Jacob De La Rose in Firebirds zone.
6:10 of 3rd period - Snap shot by Jacob De La Rose.
6:10 of 3rd period - Shot Hit the Post.
6:35 of 3rd period - Slapshot by Victor Mete.
6:35 of 3rd period - Shot Blocked by Jordan Gross.
6:37 of 3rd period - Slapshot by Rostislav Olesz.
6:37 of 3rd period - Shot Blocked by Beck Malenstyn.
6:43 of 3rd period - Slapshot by Jacob De La Rose.
6:43 of 3rd period - Stopped by Filip Larsson with a rebound.
6:45 of 3rd period - Wrist shot by Rostislav Olesz.
6:45 of 3rd period - Stopped by Filip Larsson with a rebound.
6:47 of 3rd period - Slapshot by Victor Mete.
6:47 of 3rd period - Shot Misses the Net.
6:49 of 3rd period - Slapshot by Mac Hollowell.
6:49 of 3rd period - Deflect By Jacob De La Rose.
6:49 of 3rd period - Shot Misses the Net.
6:49 of 3rd period - Puck is out of play.
6:50 of 3rd period - Nikolai Kovalenko wins face-off versus Jared McCann in Barracuda zone.
6:57 of 3rd period - Backhand shot by Alex Lintuniemi.
6:57 of 3rd period - Shot Blocked by Dylan Coghlan.
6:59 of 3rd period - Backhand shot by Dennis Cholowski.
6:59 of 3rd period - Stopped by Magnus Hellberg with a rebound.
7:01 of 3rd period - Wrist shot by Nikolai Kovalenko.
7:01 of 3rd period - Goal by Nikolai Kovalenko - Barracuda : 3 - Firebirds : 6.
7:02 of 3rd period - Emil Pettersson wins face-off versus Thomas Spelling in neutral zone.
7:04 of 3rd period - Off-side.
7:05 of 3rd period - Emil Pettersson wins face-off versus Jacob De La Rose in neutral zone.
7:07 of 3rd period - Off-side.
7:08 of 3rd period - Jacob De La Rose wins face-off versus Emil Pettersson in neutral zone.
7:16 of 3rd period - Minor Penalty to Nikolai Kovalenko for High sticking.
7:17 of 3rd period - Emil Pettersson wins face-off versus Fredrik Olofsson in Barracuda zone.
9:16 of 3rd period - Penalty to Nikolai Kovalenko is over, Nikolai Kovalenko is back on ice.
9:21 of 3rd period - Wrist shot by Fredrik Olofsson.
9:21 of 3rd period - Stopped by Filip Larsson with a rebound.
9:23 of 3rd period - Wrist shot by Fredrik Olofsson.
9:23 of 3rd period - Goal by Fredrik Olofsson - Barracuda : 3 - Firebirds : 7.
9:24 of 3rd period - Alex Henriksson wins face-off versus Theodor Blueger in neutral zone.
9:39 of 3rd period - Off-side.
9:40 of 3rd period - Emil Pettersson wins face-off versus Jacob De La Rose in neutral zone.
9:49 of 3rd period - Wrist shot by Emil Pettersson.
9:49 of 3rd period - Goal by Emil Pettersson - Barracuda : 4 - Firebirds : 7.
9:50 of 3rd period - Jacob De La Rose wins face-off versus Emil Pettersson in neutral zone.
9:52 of 3rd period - Minor Penalty to Rostislav Olesz for Roughing.
9:53 of 3rd period - Jacob De La Rose wins face-off versus Emil Pettersson in Firebirds zone.
9:53 of 3rd period - Jacob De La Rose is hit by Nikolai Kovalenko.
10:02 of 3rd period - Dylan Coghlan is hit by Angus Crookshank and loses puck.
10:07 of 3rd period - Wrist shot by Emil Pettersson.
10:07 of 3rd period - Stopped by Magnus Hellberg without a rebound.
10:08 of 3rd period - Emil Pettersson wins face-off versus Jacob De La Rose in Firebirds zone.
10:11 of 3rd period - Slapshot by Emil Pettersson.
10:11 of 3rd period - Stopped by Magnus Hellberg without a rebound.
10:12 of 3rd period - Jacob De La Rose wins face-off versus Emil Pettersson in Firebirds zone.
10:16 of 3rd period - Off-side.
10:17 of 3rd period - Jacob De La Rose wins face-off versus Emil Pettersson in neutral zone.
11:36 of 3rd period - Snap shot by Nikolai Kovalenko.
11:36 of 3rd period - Shot Misses the Net.
11:38 of 3rd period - Wrist shot by Robin Norell.
11:38 of 3rd period - Stopped by Magnus Hellberg with a rebound.
11:40 of 3rd period - Snap shot by Nikolai Kovalenko.
11:40 of 3rd period - Shot Blocked by Jared McCann.
11:46 of 3rd period - Slapshot by Nikolai Kovalenko.
11:46 of 3rd period - Shot Misses the Net.
11:48 of 3rd period - Snap shot by Jordan Gross.
11:48 of 3rd period - Stopped by Magnus Hellberg without a rebound.
11:49 of 3rd period - Trent Frederic wins face-off versus Jacob De La Rose in Firebirds zone.
11:52 of 3rd period - Penalty to Rostislav Olesz is over, Rostislav Olesz is back on ice.
13:38 of 3rd period - Slapshot by Fredrik Olofsson.
13:38 of 3rd period - Stopped by Filip Larsson with a rebound.
14:35 of 3rd period - Bode Wilde is hit by Maksim Sushko and loses puck.
15:48 of 3rd period - Dylan Coghlan is hit by Yegor Sokolov and loses puck.
16:07 of 3rd period - Jacob Bryson is hit by Alexei Toropchenko and loses puck.
16:36 of 3rd period - Snap shot by Eric Robinson.
16:36 of 3rd period - Stopped by Filip Larsson with a rebound.
16:38 of 3rd period - Snap shot by Jared McCann.
16:38 of 3rd period - Stopped by Filip Larsson with a rebound.
18:27 of 3rd period - Victor Mete is hit by Theodor Blueger.
18:40 of 3rd period - Icing by Theodor Blueger.
18:41 of 3rd period - Jacob Peterson wins face-off versus Garret Pilon in Barracuda zone.
18:46 of 3rd period - Jacob Bryson is hit by Dennis Cholowski and loses puck.
18:55 of 3rd period - Jakub Zboril is hit by Jacob Peterson and loses puck.
Goals for this period are 2 for Barracuda vs 2 for Firebirds.
Shots for this period are 8 for Barracuda vs 11 for Firebirds.